 Dungeon Crawl Stone Soup version 0.30-a0-414-gcb316572d5 (webtiles) character file.

Game seed: 211189181496943524

16 McMuffin the Ruffian (level 2, 0/23 HPs)
             Began as a Draconian Transmuter on Dec 7, 2022.
             Slain by a goblin
             ... wielding a +0 club
             ... led by Robin
              (5 damage)
             ... on level 3 of the Dungeon.
             The game lasted 00:02:08 (153 turns).

McMuffin the Ruffian (Draconian Transmuter)          Turns: 153, Time: 00:02:09

Health: 0/23       AC:  4    Str: 12    XL:     2   Next: 41%
Magic:  5/5        EV: 12    Int: 13    God:
Gold:   9          SH:  0    Dex: 11    Spells: 4/5 levels left

rFire   . . .      SeeInvis .      - Unarmed
rCold   . . .      Faith    .    (no shield)
rNeg    . . .      Spirit   .    (body armour unavailable)
rPois   +          Reflect  .    (helmet currently unavailable)
rElec   .          Harm     .    (no cloak)
rCorr   .          Rampage  .    (no gloves)
Will    .....                    (boots currently unavailable)
Stlth   +.........               (no amulet)
HPRegen 0.23/turn                c - ring of poison resistance
MPRegen 0.09/turn                (no ring)

@: appendages (expiring)
A: horns 2, talons 2, AC +4, unfitting armour, cold-blooded
a: End Transformation


You were on level 3 of the Dungeon.
You had temporarily grown beastly horns and talons.
You visited 1 branch of the dungeon, and saw 3 of its levels.

You collected 9 gold pieces.

Inventory:

Armour
 b - a +0 leather armour
Jewellery
 c - a ring of poison resistance (left hand)
Scrolls
 e - a scroll of fear {unknown}
Potions
 a - a potion of lignification
 d - a potion of degeneration {unknown}


   Skills:
 + Level 1.2 Fighting
 + Level 1.9 Dodging
 + Level 3.4 Unarmed Combat
 + Level 2.3 Spellcasting
 + Level 2.0 Transmutations


You had 4 spell levels left.
You knew the following spells:

 Your Spells              Type           Power      Damage    Failure   Level
a - Beastly Appendage     Tmut           12%        N/A       11%         1

Your spell library contained the following spells:

 Spells                   Type           Power      Damage    Failure   Level
 Wereblood                Tmut           6%         N/A       16%         2
 Spider Form              Tmut/Pois      4%         N/A       43%         3
 Ice Form                 Ice/Tmut       4%         N/A       85%         4


Dungeon Overview and Level Annotations

Branches:
Dungeon (3/15)

Altars:
Ashenzari
Zin

Annotations:
D:3 Robin


Innate Abilities, Weirdness & Mutations

You have temporarily grown beastly horns and talons.
Your plain brown scales are hard. (AC +4)
You cannot fit into any form of body armour.
You are cold-blooded and may be slowed by cold attacks.


Message History

Press: ? - help, Q - select action Dir - look around, f - activate You grow a pair of large bovine horns.
Your feet morph into talons.
The hobgoblin hits you.
You barely miss the hobgoblin. You claw the hobgoblin.
You tail-slap the hobgoblin.
You kill the hobgoblin!
The worm closely misses you. The worm closely misses you.
You hit the worm.
The worm is severely wounded.
The goblin barely misses you. The goblin hits you but does no damage.
You hit the worm. Your kick misses the worm. You headbutt the worm.
You kill the worm!
The goblin hits you but does no damage.
A goblin comes into view. It is wielding a +0 club.
The goblin closely misses you.
The goblin shouts!
You hit the goblin.
You kill the goblin!
The goblin hits you with a +0 club.
* * * LOW HITPOINT WARNING * * *
Robin of the Strong Arm comes into view.
They are wielding a +0 falchion.
You barely miss the goblin.
Your tail-slap misses the goblin.
Your transformation is almost over.
The goblin closely misses you.
Robin roars a battlecry!
The goblins go into a battle-frenzy!
You hit the goblin. Your kick misses the goblin.
The goblin is severely wounded.
The goblin hits you with a +0 club.
* * * LOW HITPOINT WARNING * * *
You hit the goblin.
You kill the goblin!
The goblin closely misses you.
A goblin comes into view. It is wielding a +0 club.
Robin throws the goblin at you!
You barely miss the goblin. You headbutt the goblin.
You kill the goblin!
The goblin hits you with a +0 club.
You die...

.... .... _8_.. ..?.#
#################### .....
.<.............)...##..#.##
##############†.@..........
..........g)†.......##
##########.##.###.###
#.##.# # #g##.# ..##.#
.....# #######


You could see Robin and a goblin (strong).

Vanquished Creatures
  A worm (D:3)
  A ball python (D:2)
  An endoplasm (D:1)
  A hobgoblin (D:3)
  3 quokkas
  A frilled lizard (D:1)
  3 goblins (D:3)
  2 rats
13 creatures vanquished.

Notes
Turn   | Place    | Note
-------+----------+-------------------------------------------
     0 | D:1      | McMuffin the Draconian Transmuter began the quest for the
                  | Orb.
     0 | D:1      | Reached XP level 1. HP: 16/16 MP: 3/3
    89 | D:2      | Reached XP level 2. HP: 19/23 MP: 3/5
   129 | D:3      | Found a broken altar of Ashenzari.
   130 | D:3      | Found a glowing silver altar of Zin.
   149 | D:3      | Noticed Robin
   153 | D:3      | Slain by a goblin

Illustrated notes

Levels and vault maps discovered:
D:1:      minmay_arrival_three_doors, layout_basic, eino_curves_04
D:2:      layout_loops_cross
D:3:      layout_loops_ring, chequers_temple_overflow_statue_of_worship,
          goddamned_bats, uniq_robin

Action                   || total
-------------------------++-------
Melee: Unarmed           ||    31
       Headbutt          ||     6
       Tailslap          ||     4
       Kick              ||     2
 Cast: Beastly Appendage ||     3
Armor: Skin              ||     8
Dodge: Dodged            ||    16

Table legend: (Time is in decaauts)
 A = Elapsed time spent in this place.
 B = Non-inter-level travel time spent in this place.
 C = Inter-level travel time spent in this place.
 D = Time resting spent in this place.
 E = Time spent auto-exploring this place.
 F = Levels seen in this place.
 G = Mean time per level.
                   A        B        C        D        E       F      G
               +--------+--------+--------+--------+--------+-----+--------+
         Total |    150 |    150 |      0 |      0 |      0 |   3 |   50.0 |
       Dungeon |    150 |    150 |      0 |      0 |      0 |   3 |   50.0 |
               +--------+--------+--------+--------+--------+-----+--------+

Top non-repeatable levels by time:
     D:1: 74 daAuts
     D:3: 51 daAuts
     D:2: 25 daAuts
